 Dungeon Crawl Stone Soup version 0.30.1-4-g462c640d31 (webtiles) character file.

Game seed: 10877310115577650848

4474 arthad the Protected (level 10, -1/96 HPs)
             Began as a Gargoyle Fighter on Aug 26, 2023.
             Was a Follower of Cheibriados.
             Slain by a gnoll
             ... wielding a +0 trident
              (3 damage)
             ... in a bailey.
             The game lasted 00:18:11 (7077 turns).

arthad the Protected (Gargoyle Fighter)             Turns: 7077, Time: 00:18:12

Health: -1/96      AC: 25    Str: 27    XL:     10   Next: 38%
Magic:  10/10      EV:  2    Int: 10    God:    Cheibriados [*.....]
Gold:   170        SH: 10    Dex: 11    Spells: 9/9 levels left

rFire   + . .        g - +0 morningstar (heavy)
rCold   + . .        r - +0 kite shield
rNeg    + . .        h - melded +2 chain mail {rC+}
rPois   ∞            I - melded +2 helmet
rElec   +            (cloak currently unavailable)
rCorr   +            k - melded +0 pair of gloves
SInv    .            (boots currently unavailable)
Will    .....        l - amulet of magic regeneration Stlth
                     v - ring of flight
HPRegen 0.36/turn    H - ring of wizardry
MPRegen 0.52/turn

%: wizardry (x1)
@: mighty, tree-form (expiring), silenced, resistant (expiring), weakened, very
slow
A: stationary, stasis, torment immunity, boosted hp, sickness immunity, AC +7,
negative energy resistance 1, (electricity resistance), torment resistance 1,
petrification resistance
a: Renounce Religion


You were in a bailey.
You worshipped Cheibriados.
Cheibriados was aware of your devotion.
You were a tree.
You visited 2 branches of the dungeon, and saw 9 of its levels.
You also visited: Bailey.

You collected 329 gold pieces.
You spent 159 gold pieces at shops.

Inventory:

Hand Weapons
 a - a +0 flail
 g - a +0 heavy morningstar (weapon)
 s - a +0 sling of freezing
Missiles
 D - 12 poisoned darts (quivered)
 Q - 2 boomerangs of dispersal
Armour
 b - a +0 scale mail
 c - a +0 buckler
 h - a +2 chain mail of cold resistance (melded)
 k - a +0 pair of gloves (melded)
 p - a scarf of harm
 r - a +0 kite shield (worn)
 t - a +0 helmet
 G - the +2 ring mail "Lockari" {Drain rPois Str+7}
   (You found it on level 5 of the Dungeon)

   Str:       It affects your strength (+7).
   rPois:     It protects you from poison.
   Drain:     It drains your maximum health when unequipped.
 I - a +2 helmet (melded)
 P - the +0 leather armour of Esungidgh {Dex+3}
   (You found it on level 6 of the Dungeon)

   Dex:       It affects your dexterity (+3).
 S - a +2 robe of the Archmagi
 T - +0 acid dragon scales
Jewellery
 l - an amulet of magic regeneration (around neck)
 o - a ring of ice
 v - a ring of flight (left branch)
 H - a ring of wizardry (right branch)
Wands
 B - a wand of flame (18)
 M - a wand of iceblast (1)
Scrolls
 e - 3 scrolls of noise
 f - 2 scrolls of enchant armour
 i - 4 scrolls of teleportation
 q - 3 scrolls of amnesia
 x - 2 scrolls of magic mapping
 C - a scroll of fear
 E - a scroll of silence
 F - a scroll of enchant weapon {unknown}
 K - a scroll of vulnerability {unknown}
 N - a scroll of fog {unknown}
 R - a scroll of immolation {unknown}
Potions
 w - a potion of resistance
 z - a potion of haste
 A - a potion of magic
 J - 2 potions of brilliance


   Skills:
 * Level 8.1 Fighting
 * Level 7.1 Maces & Flails
 + Level 3.5 Throwing
 * Level 8.2 Armour
 + Level 3.2 Dodging
 * Level 8.1 Shields
 + Level 1.2 Invocations


You had 9 spell levels left.
You didn't know any spells.
Your spell library contained the following spells:

 Spells                   Type           Power      Damage    Failure   Level
 Kiss of Death            Conj/Necr      0%         2d5       26%         1
 Magic Dart               Conj           0%         1d3       26%         1
 Sting                    Tmut/Pois      0%         1d3       26%         1
 Summon Small Mammal      Summ           0%         N/A       26%         1
 Poisonous Vapours        Pois/Air       0%         N/A       36%         2
 Searing Ray              Conj           0%         2d4       36%         2
 Wereblood                Tmut           0%         N/A       36%         2
 Call Canine Familiar     Summ           0%         N/A       58%         3
 Confusing Touch          Hex            0%         N/A       58%         3
 Dazzling Flash           Conj/Hex       0%         N/A       58%         3
 Gell's Gravitas          Tloc           0%         N/A       58%         3
 Summon Guardian Golem    Hex/Summ       0%         N/A       58%         3
 Teleport Other           Tloc           0%         N/A       58%         3
 Volatile Blastmotes      Fire/Tloc      0%         2d10      58%         3
 Dispel Undead            Necr           0%         3d6       92%         4
 Fulminant Prism          Conj/Hex       0%         3d5       92%         4
 Iskenderun's Mystic Bla  Conj/Tloc      0%         2d3       92%         4
 Olgreb's Toxic Radiance  Pois           0%         N/A       92%         4
 Dispersal                Tloc           0%         N/A       100%        6
 Starburst                Conj/Fire      0%         6d3       100%        6
 Summon Hydra             Summ           0%         N/A       100%        7
 Sublimation of Blood     Necr           Unusable   N/A       N/A         2

Dungeon Overview and Level Annotations

Branches:
Dungeon (8/15)             Temple (1/1) D:7          Bailey (1/1)
   Lair: D:8-11

Altars:
Ashenzari
Cheibriados
Dithmenos
Elyvilon
Fedhas
Gozag
Hepliaklqana
Kikubaaqudgha
Nemelex Xobeh
Qazlal
Trog
Uskayaw
Vehumet
Wu Jian
Xom
Zin
The Shining One

Shops:
D:1 !   D:5 *   D:7 [

Annotations:
D:6 2 runed translucent doors, Taurus's ghost, novice MiFi


Innate Abilities, Weirdness & Mutations

You are a tree.
Your roots penetrate the ground, keeping you stationary.
You cannot be teleported.
You are immune to unholy pain and torment.
Your maximum health is greatly increased.
Your equipment is partially melded.
You are immune to sickness and miasma.
((Your stone body is resilient. (AC +7)))
You are immune to poison.
You resist negative energy. (rN+)
((You are resistant to electric shocks. (rElec)))
You are resistant to unholy torment.
You are immune to petrification.


Message History

You block the wolf's attack. x2
A gnoll bouda comes into view. It is wielding a +0 spear.
The wolf barely misses you.
You closely miss the wolf.
The wolf is almost dead.
The gnoll sergeant seems to regain its courage.
The wolf bites you.
* * * LOW HITPOINT WARNING * * *
You block the wolf's attack. x2; The gnoll sergeant barely misses you.
The gnoll bouda calls upon its god to heal the gnoll sergeant.
The gnoll sergeant is healed somewhat.
You closely miss the wolf.
The wolf is almost dead.
The wolf barely misses you. You block the wolf's attack. x2
The gnoll sergeant hits you but does no damage.
The wolf bites you but does no damage. x2
The gnoll sergeant hits you from afar with a +0 halberd!
* * * LOW HITPOINT WARNING * * *
The wolf bites you but does no damage.
The gnoll bouda barks out a call to the hunt!
The gnolls pick up the pace!
The gnoll hits you but does no damage.
Okay, then.
Magic scrolls do not work when you're silenced!
You feel very mighty all of a sudden. The wolf bites you but does no damage.
You block the wolf's attack. You block the gnoll sergeant's attack.
You block the wolf's attack. The gnoll hits you but does no damage.
You skewer the wolf like a kebab!!!
You kill the wolf!
Cheibriados thoroughly appreciates the change of pace.
You start to feel less resistant.
The gnoll seems to regain its courage.
The wolf bites you but does no damage. You block the wolf's attack.
The wolf bites you.
* * * LOW HITPOINT WARNING * * *
The gnoll sergeant hits you but does no damage.
The gnoll bouda gazes fiercely through you!
You feel your attacks grow feeble.
The gnoll hits you from afar with a +0 trident.
You die...

#≈♣ #≈♣ #≈♣ .
#≈♣ ..# #≈♣ .'.
##≈♣ #(. ##.≈♣
###..g#####..≈♣
g....g†♣.....≈♣
......h))...≈≈♣
≈≈≈≈≈≈≈≈≈≈≈≈≈♣♣
♣♣♣♣♣♣♣♣♣♣♣♣♣♣


You could see a gnoll sergeant (swift), a wolf and 2 gnolls.

Vanquished Creatures
  A two-headed ogre (D:6)
  Maggie (D:8)
  A kobold demonologist (D:6)
  A hornet (D:7)
  A wyvern (D:7)
  A steam dragon (D:8)
  2 water moccasins
  An orc warrior (D:7)
  A sky beast (D:8)
  3 black bears
  An ice beast (D:6)
  2 wolves (Bailey)
  2 ogres
  A centaur (D:6)
  2 phantoms
  2 kobold brigands (D:6)
  2 bullfrogs
  A gnoll sergeant (Bailey)
  A scorpion (D:4)
  3 wights
  2 howler monkeys (D:5)
  3 jellies
  5 hounds
  An orc priest (D:3)
  3 gnoll boudas
  5 iguanas
  A sleepcap (D:5)
  9 orc wizards
  Natasha (thrice) (D:4)
  Robin (D:3)
  9 gnolls
  7 adders
  2 shadow imps
  A white imp (D:7)
  3 worms
  A dart slug (D:1)
  18 orcs
  9 endoplasms
  3 giant cockroaches
  21 goblins
  6 hobgoblins
  6 jackals
  5 quokkas
  7 ball pythons
  7 bats
  2 frilled lizards (D:2)
  7 kobolds
  A rat (D:2)
178 creatures vanquished.

Vanquished Creatures (others)
  A goblin (D:8)
1 creature vanquished.

Grand Total: 179 creatures vanquished

Notes
Turn   | Place    | Note
-------+----------+-------------------------------------------
     0 | D:1      | arthad the Gargoyle Fighter began the quest for the Orb.
     0 | D:1      | Reached XP level 1. HP: 14/14 MP: 1/1
     0 | D:1      | Noticed a human
     6 | D:1      | Noticed a demonspawn zombie
    15 | D:1      | Noticed a troll
    15 | D:1      | Noticed an elf
    17 | D:1      | Noticed a draconian
    17 | D:1      | Noticed a barachi
    55 | D:1      | Reached XP level 2. HP: 19/19 MP: 2/2
   135 | D:1      | Found Mudghiwa's Distillery.
   493 | D:2      | Reached XP level 3. HP: 24/24 MP: 3/3
   928 | D:2      | Reached XP level 4. HP: 26/29 MP: 4/4
  1461 | D:3      | Reached XP level 5. HP: 21/33 MP: 5/5
  1591 | D:3      | Noticed Robin
  1635 | D:3      | Killed Robin
  2255 | D:4      | Found a glowing silver altar of Zin.
  2327 | D:4      | Reached XP level 6. HP: 9/39 MP: 6/6
  2450 | D:4      | Noticed a black bear
  2540 | D:4      | Killed a black bear
  2564 | D:4      | Found a sparkling altar of Nemelex Xobeh.
  2568 | D:4      | Noticed Natasha
  2573 | D:4      | Killed Natasha
  2968 | D:4      | Found a hazy altar of Hepliaklqana.
  3069 | D:4      | Reached skill level 5 in Fighting
  3069 | D:4      | Reached skill level 5 in Armour
  3069 | D:4      | Reached skill level 5 in Shields
  3069 | D:4      | Reached XP level 7. HP: 33/44 MP: 7/7
  3147 | D:4      | Found a stormy altar of Qazlal.
  3226 | D:4      | Noticed Natasha
  3232 | D:4      | Killed Natasha
  3391 | D:5      | Entered Level 5 of the Dungeon
  3391 | D:5      | Found Ziusk's Assorted Antiques.
  3399 | D:5      | Bought a scroll labelled ILLIOW FEOLL for 27 gold pieces
  3399 | D:5      | Bought a scroll labelled ILLIOW FEOLL for 27 gold pieces
  3399 | D:5      | Bought a fizzy pink potion for 24 gold pieces
  3399 | D:5      | Bought a scroll labelled ILLIOW FEOLL for 27 gold pieces
  3399 | D:5      | Bought a scroll labelled ZAG OSOFASA for 27 gold pieces
  3399 | D:5      | Bought a scroll labelled JUCI XORPHEMN for 27 gold pieces
  3453 | D:5      | Identified the +2 ring mail "Lockari" {Drain rPois Str+7}
  3661 | D:5      | Reached skill level 1 in Throwing
  3716 | D:5      | Reached skill level 1 in Dodging
  3894 | D:5      | Reached XP level 8. HP: 44/50 MP: 8/8
  3992 | D:4      | Noticed Natasha
  4010 | D:4      | Killed Natasha
  4881 | D:6      | Reached skill level 5 in Maces & Flails
  5243 | D:6      | Noticed a kobold demonologist
  5245 | D:6      | Noticed a hellwing
  5252 | D:6      | Noticed a two-headed ogre
  5269 | D:6      | Killed a kobold demonologist
  5270 | D:6      | Reached XP level 9. HP: 26/56 MP: 9/9
  5279 | D:6      | Killed a two-headed ogre
  5600 | D:6      | Found a large runed translucent door.
  5600 | D:6      | Found a large runed translucent door.
  5601 | D:6      | Noticed Taurus's ghost (novice MiFi)
  5752 | D:6      | Identified the +0 leather armour of Esungidgh {Dex+3}
  5873 | D:7      | Noticed a hornet
  5886 | D:7      | Killed a hornet
  5977 | D:7      | Found Uqeud's Antique Armour Shoppe.
  6121 | D:7      | Reached XP level 10. HP: 58/64 MP: 10/10
  6269 | D:7      | Found a staircase to the Ecumenical Temple.
  6464 | Temple   | Entered the Ecumenical Temple
  6538 | Temple   | Became a worshipper of Cheibriados the Contemplative
  6697 | D:7      | Found an opulent altar of Gozag.
  6862 | D:8      | Found a flagged portal.
  6865 | D:8      | Noticed Maggie
  6888 | D:8      | Killed Maggie
  6905 | D:8      | Reached skill level 1 in Invocations
  6934 | Bailey   | Entered a bailey
  7056 | Bailey   | HP: 2/64 [gnoll bouda/+0 trident (7)]
  7071 | Bailey   | Reached * piety under Cheibriados
  7075 | Bailey   | HP: 3/96 [gnoll sergeant/+0 halberd (13)]
  7077 | Bailey   | Slain by a gnoll

Illustrated notes

Levels and vault maps discovered:
D:1:      shiori_arrival_whats_in_store_for_you, layout_rooms, serial_shops,
          shop
D:2:      layout_loops_corners
D:3:      layout_rooms, uniq_robin
D:4:      layout_basic, nicolae_overflow_crystal_walls,
          mainiacjoe_overflow_brackets, amcnicky_altar_gilded,
          worldfamousw_hep_ancestral_shrine, minmay_misc_feat_pillars,
          uniq_natasha
D:5:      layout_basic, nicolae_stop_n_shop_1, nicolae_figureground_pulse
D:6:      layout_cave_pools, ebering_ghost_disaster_area
D:7:      layout_basic, kennysheep_mini_moat, minmay_temple_entry_fiery,
          serial_shops, shop, minmay_misc_feat_more_columns
D:8:      layout_basic, nicolae_yredelemnul_ghost_church,
          nicolae_sif_muna_little_library, enter_bailey_5,
          nicolae_lava_and_water, uniq_gastronok, uniq_maggie, uniq_grum
Temple:   chequers_temple_sunken
Bailey:   bailey_polearm_gnolls_kennysheep, bailey

Skill      XL: |  1  2  3  4  5  6  7  8  9 10 |
---------------+-------------------------------+-----
Armour         | 4 5 6 7 8 |  8.2
Fighting       | 4 5 6 7 8 |  8.1
Shields        | 4 5 6 7 8 |  8.1
Maces & Flails | 3 4 5 6 7 |  7.1
Throwing       | 1 2 3 |  3.5
Dodging        | 1 2 3 |  3.2
Invocations    | 1 |  1.2

Action                     |  1- 3 |  4- 6 |  7- 9 | 10-12 || total
---------------------------+-------+-------+-------+-------++-------
  Melee: Flail             |   126 |   214 |   378 |   112 ||   830
         Morningstar       |       |       |       |    24 ||    24
  Throw: Dart              |       |     5 |       |     7 ||    12
         Boomerang         |       |     4 |    29 |    10 ||    43
         Javelin           |       |     1 |       |     4 ||     5
  Evoke: Wand              |       |       |       |     1 ||     1
    Use: Potion            |       |     2 |     7 |     8 ||    17
         Scroll            |       |       |       |    13 ||    13
   Stab: Invisible         |       |       |     1 |       ||     1
 Armour: Scale mail        |    19 |       |       |       ||    19
         Chain mail        |    80 |   162 |   282 |   137 ||   661
         Skin              |       |       |       |    19 ||    19
  Dodge: Dodged            |    65 |    71 |   134 |    78 ||   348
  Block: Buckler           |    32 |    13 |       |       ||    45
         Kite shield       |       |    78 |   218 |   106 ||   402
